Map: Chantier naval orbital

Players

OppaiPika

  • Race: Terran Terran
  • League: Diamond

Bastinian - Winner!

  • Race: Zerg Zerg
  • League: Diamond

VOD

Have the link to the VOD?

Description

Time

  • Played on: May 18, 2016, 2:01 p.m.
  • Length: 15:11
Show
View Real Time Build Order
Export as new Build Order

OppaiPika Terran 

Build Orders: Reaper Expand, Bio Mine 

Get SALT Encoding   

  12  0:01  SCV  
  13  0:13  SCV  
  14  0:17  Supply Depot  
  14  0:25  SCV  
  15  0:39  SCV  
  15  0:40  Barracks  
  16  0:44  Refinery  
  16  0:51  SCV  
  17  1:03  SCV  
  18  1:15  SCV  
  19  1:28  Reaper, Orbital Command  
  20  1:41  Command Center  
  20  1:51  Supply Depot  
  20  1:54  SCV  
  21  2:06  Barracks Reactor, SCV  
  22  2:10  Barracks  
  22  2:18  SCV  
  23  2:27  Factory  
  23  2:30  SCV  
  24  2:37  Refinery  
  24  2:43  Marine x2, SCV  
  27  2:55  SCV  
  28  3:01  Marine  
  28  3:04  Orbital Command  
  29  3:06  Marine, Barracks Tech Lab  
  29  3:07  SCV  
  31  3:14  Factory Reactor  
  31  3:17  Starport  
  31  3:18  Marine  
  31  3:19  SCV  
  32  3:27  Marine  
  32  3:30  SCV  
  32  3:31  SCV  
  35  3:35  Supply Depot  
  35  3:36  Stimpack  
  35  3:38  Marine  
  36  3:42  SCV  
  36  3:43  Marine  
  36  3:45  Marine, SCV  
  40  3:56  Marine  
  40  3:59  Factory Tech Lab  
  41  4:03  Marine, Bunker, SCV  
  41  4:05  Marine  
  41  4:06  Medivac  
  46  4:10  SCV  
  46  4:15  SCV  
  48  4:17  Medivac  
  48  4:21  Supply Depot  
  48  4:22  Marine  
  48  4:23  Marine x2  
  53  4:24  SCV  
  53  4:28  Refinery  
  54  4:42  Marine x3, Medivac  
  54  4:43  SCV x2  
  61  4:55  SCV  
  62  5:05  Supply Depot  
  62  5:07  Command Center  
  62  5:08  Supply Depot  
  62  5:21  Supply Depot  
  62  5:26  Marine x3, Siege Tank, SCV x2  
  70  5:30  Medivac x2  
  74  5:39  SCV x2  
  76  5:44  Marine x3  
  78  5:51  SCV x2  
  79  6:02  Marine x3, Engineering Bay, Barracks x2  
  79  6:03  Engineering Bay, SCV x2  
  84  6:05  Medivac  
  86  6:17  Combat Shields  
  86  6:19  SCV x2  
  86  6:20  Marine x3  
  86  6:23  Refinery  
  91  6:29  Orbital Command  
  91  6:31  SCV x2  
  93  6:33  Terran Infantry Weapons Level 1  
  93  6:37  Marine  
  94  6:40  Terran Infantry Armor Level 1  
  94  6:41  Siege Tank  
  94  6:43  SCV x2  
  99  6:50  Marine, Barracks Reactor  
  99  6:51  Barracks Tech Lab  
  100  6:54  SCV  
  100  6:56  Refinery  
  101  7:03  Supply Depot x2  
  101  7:04  Supply Depot  
  101  7:05  Supply Depot  
  101  7:24  Marine x2, Siege Tank, SCV x3  
  101  7:25  Medivac x2, Marauder  
  115  7:34  Marine x2  
  115  7:35  Marauder  
  115  7:36  SCV x3  
  122  7:40  Armory  
  122  7:42  Marine  
  123  7:46  Barracks  
  123  7:47  Marauder  
  123  7:49  SCV x3  
  128  7:52  Marine x3  
  128  7:56  Marauder  
  133  8:07  SCV  
  133  8:08  SCV  
  133  8:11  SCV  
  133  8:16  Missile Turret x2  
  133  8:17  Marine  
  133  8:18  Marine, Missile Turret  
  133  8:19  Marauder  
  133  8:20  Marine x2, Missile Turret, SCV  
  133  8:21  SCV  
  133  8:22  Medivac  
  133  8:23  Medivac, SCV  
  128  8:32  SCV  
  128  8:33  Marine, SCV  
  128  8:35  Marine, SCV  
  128  8:36  Marine  
  131  8:44  SCV  
  129  8:50  Marine  
  129  8:52  Marine x2  
  119  8:57  Marine x3  
  119  8:58  SCV x3  
  121  9:08  Marine  
  115  9:10  Marine x2, SCV x3  
  115  9:14  Marine  
  115  9:15  Marine x2  
  121  9:22  Liberator x2  
  112  9:25  Terran Infantry Weapons Level 2, Terran Infantry Armor Level 2  
  112  9:26  Marine  
  112  9:28  Marine x2  
  115  9:31  Factory Reactor  
  115  9:32  Marine x3  
  115  9:37  SCV  
  123  9:40  SCV  
  123  9:44  Marine  
  127  9:46  Marine, Refinery  
  128  9:58  Marine x3  
  128  9:59  Marine  
  126  10:02  Marine, Barracks Reactor  
  126  10:03  Marine  
  126  10:04  SCV x2  
  126  10:05  Liberator  
  122  10:16  Marine x2  
  122  10:17  Marine  
  122  10:19  SCV  
  122  10:20  Marine, SCV  
  122  10:21  Marine, SCV  
  129  10:23  Command Center  
  133  10:31  Supply Depot  
  133  10:34  Supply Depot  
  133  10:35  Liberator  
  133  10:36  Factory  
  133  10:41  Supply Depot  
  133  10:43  Supply Depot  
  133  10:44  Widow Mine  
  133  10:45  Marine x3, SCV x3  
  141  10:52  Widow Mine  
  141  10:55  Marine x2  
  141  10:56  Marauder  
  150  10:57  SCV x3  
  151  11:04  Marine  
  151  11:09  SCV  
  153  11:13  Widow Mine  
  153  11:17  SCV  
  153  11:18  SCV  
  155  11:20  Drilling Claws  
  155  11:21  Widow Mine x2, SCV  
  155  11:25  Marine x2  
  162  11:29  SCV  
  162  11:30  SCV  
  164  11:33  SCV  
  165  11:41  Widow Mine, SCV  
  165  11:42  SCV  
  165  11:43  Marine x3  
  172  11:49  Widow Mine  
  172  11:50  Marine x2, Widow Mine  
  172  11:51  Marauder  
  172  11:53  Marine  
  172  11:54  Marine  
  182  11:59  Missile Turret  
  182  12:10  Widow Mine  
  181  12:18  Widow Mine x2  
  181  12:20  Marine x2  
  181  12:21  Marine x3  
  181  12:22  Marine x2  
  162  12:38  Widow Mine  
  128  12:46  Widow Mine  
  128  12:47  Widow Mine  
  109  13:04  Liberator x2  
  101  13:07  Widow Mine  
  101  13:12  Planetary Fortress  
  101  13:14  SCV x3  
  101  13:19  Marine x2  
  105  13:20  Marine x3  
  105  13:22  Widow Mine, Siege Tank  
  105  13:26  Barracks, SCV x3  
  125  13:27  Barracks  
  123  13:34  Marine  
  123  13:35  Widow Mine  
  123  13:38  SCV x3  
  123  13:39  Marine  
  123  13:40  Marine  
  131  13:44  Marine  
  131  13:47  Liberator  
  132  13:50  Widow Mine  
  132  13:54  Widow Mine  
  137  13:55  SCV x2  
  138  14:04  Medivac, Widow Mine  
  138  14:07  Marine x2  
  147  14:16  Marine x2  
  149  14:19  Widow Mine  
  149  14:20  Marine x2  
  149  14:21  Marine x2  
  155  14:29  Marine x3  
  158  14:31  Marine  
  158  14:33  Marine x2  
  151  14:38  Marine x3  
  151  14:39  Marine  
  119  14:47  Marine x2, Marauder  
  119  14:49  Marine  
  119  14:51  Marine x2  
  131  14:57  SCV x2  
  132  15:01  Refinery  
  132  15:02  Refinery  
Show
View Real Time Build Order
Export as new Build Order

Bastinian Zerg - Winner!

Build Orders: Hatch First 

Get SALT Encoding   

  12  0:00  Drone  
  13  0:13  Overlord  
  13  0:18  Drone  
  14  0:32  Drone x2  
  14  0:35  Drone  
  17  0:52  Hatchery  
  17  0:54  Drone  
  17  1:00  Drone  
  17  1:01  Extractor  
  17  1:14  Spawning Pool  
  17  1:16  Drone  
  17  1:20  Drone  
  18  1:30  Drone  
  19  1:39  Overlord  
  19  1:52  Drone  
  20  2:01  Queen  
  22  2:03  Queen  
  22  2:04  Metabolic Boost  
  22  2:06  Zergling x2  
  22  2:08  Zergling x2  
  26  2:11  Drone  
  26  2:15  Drone  
  28  2:22  Drone  
  28  2:39  Queen  
  28  2:40  Overlord  
  30  2:46  Drone x3  
  33  2:55  Overlord  
  33  2:56  Drone  
  34  3:00  Drone  
  35  3:06  Overlord  
  35  3:15  Drone x6  
  35  3:18  Drone  
  42  3:37  Extractor, Drone x2  
  42  3:38  Hatchery, Extractor  
  41  3:50  Drone x6  
  41  3:51  Drone  
  47  3:58  Baneling Nest  
  46  4:05  Drone x2  
  46  4:09  Lair  
  48  4:24  Pneumatized Carapace  
  48  4:27  Zergling x20  
  58  4:40  Overlord x2  
  58  4:45  Overlord x2  
  58  4:57  Queen  
  60  5:01  Drone x6  
  66  5:08  Drone x2  
  66  5:09  Extractor  
  67  5:18  Zergling x12  
  67  5:20  Baneling x4  
  73  5:47  Drone  
  73  5:48  Drone x8  
  80  6:02  Spire  
  80  6:03  Drone x3  
  82  6:10  Overlord x2, Drone x7  
  82  6:11  Overlord, Extractor  
  88  6:35  Extractor, Drone x3  
  88  6:39  Drone  
  91  6:49  Overseer  
  91  7:12  Drone x2  
  91  7:13  Evolution Chamber  
  91  7:14  Evolution Chamber  
  91  7:16  Mutalisk x4  
  91  7:17  Mutalisk x7  
  91  7:22  Hatchery  
  112  7:24  Hatchery  
  111  7:33  Zerg Flyer Weapons Level 1  
  111  7:36  Drone  
  112  7:44  Overseer  
  112  7:50  Overlord x4  
  112  7:57  Hatchery  
  111  7:58  Zerg Ground Armor Level 1, Zerg Melee Weapons Level 1  
  111  8:05  Infestation Pit  
  106  8:22  Zergling x2  
  106  8:23  Zergling x34  
  123  8:32  Baneling x6  
  115  8:55  Zergling x26  
  104  8:56  Zergling x2  
  107  9:04  Zergling x2  
  107  9:05  Zergling x10  
  107  9:09  Queen  
  115  9:20  Zergling x6  
  115  9:21  Zergling x12  
  109  9:28  Mutalisk  
  109  9:29  Mutalisk x2  
  109  9:34  Queen  
  109  9:37  Baneling x4  
  109  9:38  Baneling x9  
  111  9:40  Mutalisk  
  111  9:41  Mutalisk x12  
  133  10:13  Overlord x5  
  133  10:15  Queen  
  133  10:20  Zergling x24  
  133  10:21  Zergling x8  
  151  10:22  Hive  
  151  10:24  Zerg Ground Armor Level 2, Zerg Melee Weapons Level 2  
  151  10:44  Zergling x14  
  151  10:45  Zergling x16  
  166  11:03  Zerg Flyer Weapons Level 2  
  164  11:15  Corruptor x6  
  164  11:16  Corruptor x2  
  164  11:18  Zergling x6  
  175  11:19  Zergling x14  
  184  11:31  Baneling x4  
  184  11:32  Baneling x10  
  184  11:55  Overlord x3  
  184  11:57  Adrenal Glands  
  184  12:03  Ultralisk Cavern  
  158  12:19  Zergling x12  
  158  12:20  Zergling x38  
  130  12:42  Zergling x2  
  130  12:43  Zergling x32  
  117  12:53  Ultralisk x2  
  110  13:13  Ultralisk x2  
  122  13:21  Chitinous Plating  
  122  13:27  Zergling x10  
  122  13:28  Zergling x16  
  122  13:31  Baneling  
  122  13:32  Baneling x6  
  135  13:50  Extractor  
  135  13:51  Extractor  
  133  13:56  Baneling  
  133  13:57  Baneling x10  
  133  14:10  Queen  
  135  14:33  Zergling x22  
  135  14:34  Zergling x36  
  135  14:35  Zergling x4  
Tags
 
Add a new tag
Caveats
  • Supply blocks, unpowered buildings, or Contaminate may cause inaccurate times.
  • Supply counts are checked every 10 seconds.